 Dungeon Crawl Stone Soup version 0.20.0-15-g7f486f2 (webtiles) character file.

203 robba the Shield-Bearer (level 6, -5/48 HPs)
             Began as a Human Fighter on June 26, 2017.
             Slain by an ogre
             ... wielding a +0 giant spiked club
              (28 damage)
             ... on level 4 of the Dungeon.
             The game lasted 00:26:24 (2749 turns).

robba the Shield-Bearer (Human Fighter)             Turns: 2749, Time: 00:26:25

Health: -5/48      AC:  8    Str: 17    XL:     6   Next: 8%
Magic:  6/6        EV:  7    Int:  9    God:
Gold:   166        SH:  9    Dex: 13    Spells: 5/5 levels left

rFire    . . .     SeeInvis .   y - +2 morningstar
rCold    . . .     Gourm    .   c - +0 shield
rNeg     . . .     Faith    .   b - +0 scale mail
rPois    .         Spirit   .   r - +0 helmet
rElec    .         Reflect  .   (no cloak)
rCorr    .         Harm     .   (no gloves)
MR       .....                  (no boots)
Stlth    ..........             (no amulet)
Regen    0.2/turn               (no ring)
MPRegen  0.1/turn               (no ring)

@: no status effects
A: no striking features
a: no special abilities


You were on level 4 of the Dungeon.
You were not hungry.

You visited 1 branch of the dungeon, and saw 4 of its levels.

You collected 166 gold pieces.

Inventory:

Hand Weapons
 a - a +1 long sword
 y - a +2 morningstar (weapon)
Missiles
 g - 226 stones (quivered)
 n - 21 poisoned needles
Armour
 b - a +0 scale mail (worn)
 c - a +0 shield (worn)
 r - a +0 helmet (worn)
Jewellery
 e - a +3 amulet of reflection {unknown}
 t - a cursed ring of teleportation {unknown}
Scrolls
 i - a scroll of enchant armour {unknown}
 k - a scroll of identify {unknown}
 l - 2 scrolls of remove curse
 w - a scroll of teleportation
Potions
 d - a potion of might
 m - 2 potions of magic
 p - a potion of agility {unknown}
 v - a potion of flight {unknown}
Comestibles
 f - a bread ration
 h - 4 fruits
 j - 2 royal jellies
 s - a meat ration


   Skills:
 + Level 3.7 Fighting
 + Level 2.6 Long Blades
 + Level 2.4 Maces & Flails
 + Level 3.6 Armour
 + Level 1.2 Dodging
 + Level 0.2 Stealth
 + Level 4.0 Shields


You had 5 spell levels left.
You didn't know any spells.

Dungeon Overview and Level Annotations

Branches:
Dungeon (4/15)
 Temple: D:4-7

Altars:


Message History

An ogre comes into view. It is wielding a giant spiked club.
The gnoll hits you from afar with a spear.
An ogre comes into view. It is wielding a giant spiked club.
The ogre shouts!
You block the gnoll's attack. The gnoll completely misses you.
You block the gnoll's attack.
Your shield prevents you from hitting the gnoll.
You block the gnoll's attack.
You barely miss the gnoll. You block the gnoll's attack.
You block the ogre's attack. You block the gnoll's attack.
You block the gnoll's attack.
Your shield and scale mail prevent you from hitting the ogre.
The ogre closely misses you. You block the gnoll's attack.
Your shield and scale mail prevent you from hitting the ogre.
You block the gnoll's attack.
The ogre hits you with a giant spiked club!!
Ouch! That really hurt!
You die...

#.##.#### #.......#
#.......# #.......#
####.!.....#
...........#
.########....?..#
.......@Og......#
.#############)####.#
#........#
#########.#†######
.>........).)...#
##.########O###.# #.#
#.# #..


You could see an ogre and a gnoll.

Vanquished Creatures
  A hound (D:3)
  A gnoll shaman (D:4)
  Robin (D:3)
  4 gnolls (D:4)
  2 adders
  A worm (D:3)
  2 dart slugs (D:1)
  3 orcs (D:3)
  4 giant cockroaches
  17 goblins
  11 hobgoblins
  A quokka (D:3)
  3 ball pythons
  4 bats
  5 frilled lizards
  6 kobolds
  6 rats
72 creatures vanquished.

Notes
Turn   | Place    | Note
-------+----------+-------------------------------------------
     0 | D:1      | robba the Human Fighter began the quest for the Orb.
     0 | D:1      | Reached XP level 1. HP: 18/18 MP: 1/1
   217 | D:1      | Reached XP level 2. HP: 15/24 MP: 2/2
   673 | D:1      | Reached XP level 3. HP: 25/29 MP: 3/3
  1671 | D:3      | Reached XP level 4. HP: 35/35 MP: 4/4
  1969 | D:3      | Noticed Robin
  1993 | D:3      | Killed Robin
  1993 | D:3      | Reached skill level 1 in Maces & Flails
  2266 | D:3      | Reached skill level 1 in Dodging
  2266 | D:3      | Reached XP level 5. HP: 6/41 MP: 5/5
  2725 | D:4      | Reached skill level 4 in Shields
  2734 | D:4      | Reached XP level 6. HP: 25/47 MP: 6/6
  2737 | D:4      | Noticed an ogre
  2749 | D:4      | Slain by an ogre

Skill      XL: |  1  2  3  4  5 |
---------------+----------------+-----
Maces & Flails | 1 2 |  2.4
Dodging        | 1 |  1.2
Shields        | 4 |  4.0
Fighting       | |  3.7
Long Blades    | |  2.6
Armour         | |  3.6
Stealth        | |  0.2

Action                   |  1- 3 |  4- 6 || total
-------------------------+-------+-------++-------
Melee: Long sword        |   109 |       ||   109
       Morningstar       |     1 |   134 ||   135
Throw: Stone             |    11 |     7 ||    18
  Use: Scroll            |     3 |     6 ||     9
       Potion            |     1 |     3 ||     4
  Eat: Chunk             |     3 |     2 ||     5
       Meat ration       |       |     1 ||     1
Armor: Scale mail        |    52 |    92 ||   144
Dodge: Dodged            |    27 |    65 ||    92
Block: Shield            |    70 |    97 ||   167
       Rpst.: Long sword |    11 |       ||    11
